 Dungeon Crawl Stone Soup version 0.30.1-4-g462c640d31 (webtiles) character file.

Game seed: 16352207202099021330

59 croobank the Caller (level 4, -1/28 HPs)
             Began as an Octopode Summoner on Aug 21, 2023.
             Slain by a sleepcap (5 damage)
             ... on level 3 of the Dungeon.
             The game lasted 00:03:25 (1509 turns).

croobank the Caller (Octopode Summoner)             Turns: 1509, Time: 00:03:26

Health: -1/28      AC:  2    Str:  7    XL:     4   Next: 3%
Magic:  5/7        EV: 18    Int: 19    God:
Gold:   122        SH:  0    Dex: 12    Spells: 1/7 levels left

rFire   . . .        o - +4 mace
rCold   . . .        (no shield)
rNeg    . . .        (helmet restricted)
rPois   .            (no amulet)
rElec   .            b - +5 ring of evasion
rCorr   .            f - ring of see invisible
SInv    +            (no ring)
Will    .....        (no ring)
Stlth   +++          (no ring)
HPRegen 0.24/turn    (no ring)
MPRegen 0.10/turn    (no ring)
                     (no ring)

%: no passive effects
@: no status effects
A: almost no armour, amphibious, 8 rings, camouflage 1, gelatinous body 1,
(nimble swimmer 1), tentacles, shaggy fur 1, evolution 1
a: no special abilities


You were on level 3 of the Dungeon.
You visited 1 branch of the dungeon, and saw 3 of its levels.

You collected 122 gold pieces.

Inventory:

Hand Weapons
 j - a +0 dagger
 l - a +0 trident
 o - a +4 mace (weapon)
Jewellery
 b - a +5 ring of evasion (left tentacle)
 f - a ring of see invisible (right tentacle)
Scrolls
 c - 2 scrolls of teleportation {unknown}
 e - 4 scrolls of identify {unknown}
 g - a scroll of noise {unknown}
 i - a scroll of summoning {unknown}
 k - 2 scrolls of fog {unknown}
 m - a scroll of magic mapping {unknown}
 p - a scroll of immolation {unknown}
 q - a scroll of enchant armour {unknown}
Potions
 a - a potion of magic
 d - a potion of mutation
 h - 2 potions of ambrosia {unknown}
 n - a potion of flight {unknown}


   Skills:
 + Level 1.3 Fighting
 + Level 2.5 Dodging
 + Level 3.5 Stealth
 + Level 2.4 Spellcasting
 + Level 4.3 Summonings


You had one spell level left.
You knew the following spells:

 Your Spells              Type           Power      Damage    Failure   Level
a - Summon Small Mammal   Summ           72%        N/A       2%          1
b - Call Imp              Summ           36%        N/A       4%          2
c - Call Canine Familiar  Summ           18%        N/A       9%          3

Your spell library contained the following spells:

 Spells                   Type           Power      Damage    Failure   Level
 Summon Guardian Golem    Hex/Summ       10%        N/A       21%         3
 Summon Lightning Spire   Summ/Air       10%        N/A       54%         4


Dungeon Overview and Level Annotations

Branches:
Dungeon (3/15)

Altars:


Innate Abilities, Weirdness & Mutations

You cannot wear most types of armour.
You are amphibious.
You can wear up to eight rings at the same time.
Your skin changes colour to match your surroundings (Stealth+).
Your rubbery body absorbs attacks. (AC +1, EV +1)
((You are camouflaged when in or above water. (Stealth+)))
You have tentacles for arms and can constrict up to eight enemies at once.
You are covered in fur. (AC +1)
You have hidden genetic potential.


Message History

The endoplasm is severely wounded.
The endoplasm freezes you.
You are frozen.
The endoplasm hits you.
You sock the endoplasm!
You kill the endoplasm!
You see here a hobgoblin skeleton.
Done exploring.
Done exploring.
(D) Dungeon
Where to? (Enter - D:2, ? - help)
You see here a +0 club.
There is a stone staircase leading down here.
You climb downwards.
You hear the sound of rushing water.
There is an entrance to a sewer on this level.
Hurry and find it before the portal rusts away!
Found 10 gold pieces.
There is a stone staircase leading up here.
Okay, then.
The helpless sleepcap fails to defend itself.
You hit the sleepcap. You grab the sleepcap.
You squeeze the sleepcap, but do no damage.
The sleepcap is lightly damaged.
You constrict the sleepcap, but do no damage.
The sleepcap releases spores at you.
You are engulfed in a cloud of soporific spores!
You fall asleep.
You lose your grip on the sleepcap.
The sleepcap releases spores at you!!
You wake up.
Ouch! That really hurt!
* * * LOW HITPOINT WARNING * * *
Okay, then.
Casting: Summon Small Mammal (safe; 2% risk of failure)
Confirm with . or Enter, or press ? or * to list all spells.
A tiny devil pulls itself out of the air.
The sleepcap releases spores at you but does no damage.
It was a potion of mutation.
You feel extremely strange.
You feel a hidden potential growing inside you.
Fur sprouts all over your body. The sleepcap releases spores at you.
You die...

#.........#
+..........+
...........#
##.........#
~#.........#
S#.........##
~#..........#
~#......<...#
~#.....@....#
##...5f..$......
...........#####
...#####.##.. .#
#.# .#.# #.# # #
#.. ##


You could see a sleepcap (ally target), an adder (asleep) and a friendly
cerulean imp (summoned).

Vanquished Creatures
  An adder (D:2)
  A worm (D:2)
  A dart slug (D:2)
  5 ball pythons
  2 endoplasms
  2 giant cockroaches (D:2)
  2 goblins
  3 hobgoblins (D:2)
  A kobold (D:1)
  3 quokkas
  7 bats
  3 rats
31 creatures vanquished.

Vanquished Creatures (collateral kills)
  An adder (D:2)
  A bat (D:1)
  A quokka (D:1)
  A kobold (D:1)
4 creatures vanquished.

Grand Total: 35 creatures vanquished

Notes
Turn   | Place    | Note
-------+----------+-------------------------------------------
     0 | D:1      | croobank the Octopode Summoner began the quest for the Orb.
     0 | D:1      | Reached XP level 1. HP: 11/11 MP: 3/3
   238 | D:1      | Reached XP level 2. HP: 15/18 MP: 1/5
   243 | D:1      | Learned a level 2 spell: Call Imp
   859 | D:2      | Reached skill level 1 in Fighting
   859 | D:2      | Reached XP level 3. HP: 19/23 MP: 6/6
   905 | D:2      | Learned a level 3 spell: Call Canine Familiar
  1176 | D:2      | Found a faded altar of an unknown god.
  1261 | D:2      | Reached XP level 4. HP: 28/28 MP: 7/7
  1509 | D:3      | Gained mutation: You have hidden genetic potential. [potion
                  | of mutation]
  1509 | D:3      | Gained mutation: You are covered in fur. (AC +1) [potion of
                  | mutation]
  1509 | D:3      | Slain by a sleepcap

Illustrated notes

Levels and vault maps discovered:
D:1:      mrwooster_arrival_arrow, layout_basic, grunt_decor_mini_mirrors,
          minmay_split_cup_small
D:2:      layout_loops_cross, ebering_ecumenical_altar_petrified
D:3:      layout_basic, serial_shops, shop, gup_sewer_entry_glass

Skill      XL: |  1  2 |
---------------+-------+-----
Stealth        | 3 |  3.5
Fighting       | 1 |  1.3
Dodging        | |  2.5
Spellcasting   | |  2.4
Summonings     | |  4.3

Action                     |  1- 3 |  4- 6 || total
---------------------------+-------+-------++-------
  Melee: Unarmed           |    26 |       ||    26
         Constrict         |    26 |     2 ||    28
         Tentacles         |    18 |     2 ||    20
         Dagger            |    23 |       ||    23
         Punch             |     1 |       ||     1
         Mace              |    14 |     5 ||    19
   Cast: Summon Small Mamm |    16 |       ||    16
         Call Imp          |     4 |     1 ||     5
    Use: Potion            |       |     1 ||     1
   Stab: Sleeping          |     7 |     2 ||     9
 Armour: Skin              |     7 |     1 ||     8
  Dodge: Dodged            |    63 |     2 ||    65
